 Dungeon Crawl Stone Soup version 0.20.1-1-g8b1a95d (webtiles) character file.

30 Zephyrbreeze the Gusty (level 2, -1/20 HPs)
             Began as a Demigod Air Elementalist on Dec 26, 2017.
             Slain by Terence
             ... wielding a +1 flail of crushing
              (7 damage)
             ... on level 2 of the Dungeon.
             The game lasted 00:09:30 (938 turns).

Zephyrbreeze the Gusty (Demigod Air Elementalist)    Turns: 938, Time: 00:09:31

Health: -1/20      AC:  2    Str: 11    XL:     2   Next: 87%
Magic:  9/16       EV: 13    Int: 19    God:
Gold:   52         SH:  0    Dex: 16    Spells: 2/5 levels left

rFire    . . .     SeeInvis .   d - +0 short sword
rCold    . . .     Gourm    .   (no shield)
rNeg     . . .     Faith    .   a - +0 robe
rPois    .         Spirit   .   (no helmet)
rElec    .         Reflect  .   (no cloak)
rCorr    .         Harm     .   (no gloves)
MR       .....                  (no boots)
Stlth    ++........             (no amulet)
Regen    0.1/turn               g - ring of magical power
MPRegen  0.2/turn               (no ring)

@: no status effects
A: high mp 1
a: no special abilities


You were on level 2 of the Dungeon.
You were hungry.

You visited 1 branch of the dungeon, and saw 2 of its levels.

You collected 52 gold pieces.

Inventory:

Hand Weapons
 d - a +0 short sword (weapon)
Missiles
 j - a throwing net (quivered)
Armour
 a - a +0 robe (worn)
Jewellery
 g - a ring of magical power (left hand)
Scrolls
 e - 3 scrolls of teleportation
Potions
 h - 2 potions of curing {unknown}
 i - 2 potions of flight {unknown}
Books
 b - a book of Air

   Spells                             Type                      Level
   a - Shock                          Conjuration/Air              1
   b - Swiftness                      Charms/Air                   2
   c - Static Discharge               Conjuration/Air              3
   d - Airstrike                      Air                          4
   e - Lightning Bolt                 Conjuration/Air              5
Comestibles
 c - a bread ration
 f - 2 chunks of flesh


   Skills:
 + Level 2.0 Dodging
 + Level 1.8 Stealth
 * Level 2.1 Spellcasting
 * Level 1.4 Conjurations
 + Level 3.1 Air Magic


You had 2 spell levels left.
You knew the following spells:

 Your Spells              Type           Power        Failure   Level  Hunger
a - Shock                 Conj/Air       ##..         7%          1    #......
b - Swiftness             Chrm/Air       #.......     13%         2    ##.....


Dungeon Overview and Level Annotations

Branches:
Dungeon (2/15)

Annotations:
D:2 Terence


Innate Abilities, Weirdness & Mutations

You have an increased reservoir of magic. (+10% MP)


Message History

Press: ? - help, Shift-Dir - straight line, f - Terence
Aim: Terence, wielding a flail of crushing and wearing a chain mail (heavily wounded)
The zap hits Terence.
Terence appears unharmed.
Terence is heavily wounded.
You feel sluggish.
Casting: Shock
Confirm with . or Enter, or press ? or * to list all spells.
Aiming: Shock
Press: ? - help, Shift-Dir - straight line, f/p - Terence
Aim: Terence, wielding a flail of crushing and wearing a chain mail (heavily wounded)
The zap hits Terence.
Terence is heavily wounded.
Terence hits you with a flail of crushing.
Terence closely misses you.
You start to feel a little faster.
Terence hits you with a flail of crushing.
* * * LOW HITPOINT WARNING * * *
You no longer feel sluggish.
Terence hits you with a flail of crushing!
You die...

#....#
..######...##
............#######
..................#
..................#
.....)...........#
.......<.........#
#####...@..(.....#
#...@........#
#............#
####.........#
#.........#
#.........#
###########


You could see Terence.

Vanquished Creatures
  2 leopard geckos (D:1)
  A bat (D:1)
  2 giant cockroaches (D:1)
  A goblin (D:1)
  2 hobgoblins (D:1)
  4 jackals (D:1)
  2 frilled lizards (D:1)
  11 kobolds
  2 rats (D:1)
27 creatures vanquished.

Notes
Turn   | Place    | Note
-------+----------+-------------------------------------------
     0 | D:1      | Zephyrbreeze the Demigod Air Elementalist began the quest for the Orb.
     0 | D:1      | Reached XP level 1. HP: 14/14 MP: 5/5
   147 | D:1      | Reached skill level 1 in Conjurations
   358 | D:1      | Reached XP level 2. HP: 7/20 MP: 0/7
   412 | D:1      | Reached skill level 3 in Air Magic
   505 | D:1      | Learned a level 2 spell: Swiftness
   911 | D:2      | Noticed Terence
   938 | D:2      | Slain by Terence

Skill      XL: |  1  2 |
---------------+-------+-----
Conjurations   | 1 |  1.4
Spellcasting   | 2 |  2.1
Dodging        | 2 |  2.0
Air Magic      | 3 |  3.1
Stealth        | |  1.8

Action                   || total
-------------------------++-------
Melee: Short sword       ||    17
       Unarmed           ||     2
 Cast: Shock             ||    52
       Swiftness         ||     1
  Use: Scroll            ||     2
Armor: Robe              ||     3
Dodge: Dodged            ||    21
